 Dungeon Crawl Stone Soup version 0.29.1-12-g30fa7ad0bf (webtiles) character file.

Game seed: 6584808687017549209

1562 KittyFluff the Cudgeller (level 8, 0/73 HPs)
             Began as a Gargoyle Berserker on Jan 1, 2023.
             Was a Priest of Trog.
             Killed by divine providence
             ... invoked by an orc priest
              (13 damage)
             ... on level 6 of the Dungeon on Jan 2, 2023.
             The game lasted 00:25:58 (6570 turns).

KittyFluff the Cudgeller (Gargoyle Berserker)       Turns: 6570, Time: 00:25:58

Health: 0/73       AC: 14    Str: 25    XL:     8   Next: 89%
Magic:  8/8        EV: 12    Int:  8    God:    Trog [***...]
Gold:   391        SH:  0    Dex: 11    Spells: 7/7 levels left

rFire   . . .      SeeInvis +   a - +0 mace
rCold   . . .      Faith    .   (no shield)
rNeg    + . .      Spirit   .   h - +0 leather armour
rPois   ∞          Reflect  .   (no helmet)
rElec   +          Harm     .   z - +2 cloak
rCorr   .          Rampage  .   t - +1 pair of gloves
Will    .....                   (no boots)
Stlth   ..........              (no amulet)
HPRegen 0.22/turn               n - +4 ring of slaying
MPRegen 0.11/turn               u - ring "Tueg" {Str+4 SInv}

@: berserking, very quick
A: sickness immunity, AC +5, negative energy resistance 1, electricity
resistance, torment resistance 1, petrification resistance
a: Renounce Religion, Berserk, Trog's Hand


You were on level 6 of the Dungeon.
You worshipped Trog.
Trog was most pleased with you.
You visited 1 branch of the dungeon, and saw 7 of its levels.

You collected 391 gold pieces.

Inventory:

Hand Weapons
 a - a +0 mace (weapon)
 C - a +0 sling
Missiles
 e - 5 stones (quivered)
 f - 7 poisoned darts
 B - 3 boomerangs
Armour
 h - a +0 leather armour (worn)
 t - a +1 pair of gloves (worn)
 v - a +0 ring mail
 z - a +2 cloak (worn)
Jewellery
 n - a +4 ring of slaying (left hand)
 u - the ring "Tueg" (right hand) {Str+4 SInv}
   (You found it on level 3 of the Dungeon)

   [ring of see invisible]

   Str:       It affects your strength (+4).
   SInv:      It lets you see invisible.
 x - a ring of ice
 E - a +6 ring of intelligence
 G - an amulet of faith
Wands
 b - a wand of roots (17)
 p - a wand of flame (11)
 I - a wand of acid (7)
Scrolls
 d - 3 scrolls of magic mapping
 g - 3 scrolls of immolation
 i - a scroll of blinking
 l - 2 scrolls of vulnerability {unknown}
 m - a scroll of teleportation {unknown}
 r - a scroll of noise {unknown}
 s - a scroll of amnesia {unknown}
 w - a scroll of summoning {unknown}
 y - a scroll of acquirement {unknown}
 F - a scroll of fear {unknown}
 H - 2 scrolls of identify {unknown}
Potions
 c - 3 potions of heal wounds {unknown}
 j - 4 potions of curing {unknown}
 k - 3 potions of mutation {unknown}
 o - a potion of haste {unknown}
 q - 3 potions of lignification {unknown}
 A - 2 potions of invisibility {unknown}
 D - a potion of might {unknown}
 J - a potion of resistance {unknown}


   Skills:
 + Level 5.3 Fighting
 + Level 7.8 Maces & Flails
 + Level 1.8 Throwing
 * Level 5.8 Armour
 + Level 3.4 Dodging
 + Level 2.7 Stealth


You had 7 spell levels left.
You didn't know any spells.
Your spell library was empty.

Dungeon Overview and Level Annotations

Branches:
Dungeon (7/15)             Temple (0/1) D:6

Altars:
Ashenzari
Nemelex Xobeh
Zin


Innate Abilities, Weirdness & Mutations

You are immune to sickness and miasma.
Your stone body is resilient. (AC +5)
You are immune to poison.
You resist negative energy. (rN+)
You are resistant to electric shocks. (rElec)
You are resistant to unholy torment.
You are immune to petrification.


Message History

The orc wizard shouts!
The orc wizard gestures wildly while chanting.
The orc wizard flickers and vanishes for a moment.
The orc priest shouts!
You sock the orc!
You kill the orc!
Trog accepts your kill.
The orc wizard points at you and mumbles some strange words.
The puff of flame hits you. The orc wizard casts a spell at you.
You are confused.
The orc priest mumbles some strange prayers to Beogh against you.
Beogh smites you!
Things that are here:
a +0 club; a +0 leather armour You barely miss the orc wizard.
The orc wizard barely misses you.
The orc priest begins to cast a cantrip, but forgets the words!
You're too confused to move!
The orc wizard hits you but does no damage.
You bump into the rock wall.
The orc wizard closely misses you.
You bump into the rock wall.
The orc wizard completely misses you.
You sock the orc wizard!
The orc wizard is heavily wounded.
The orc wizard casts a spell at you. You resist with some effort.
You bump into the rock wall.
The orc wizard hits you with a +0 dagger.
The orc priest calls down the wrath of Beogh upon you.
Beogh smites you!
* * * LOW HITPOINT WARNING * * *
You're too confused to move!
You feel less confused. The orc wizard closely misses you.
The orc priest casts a cantrip, but nothing happens.
A red film seems to cover your vision as you go berserk!
You feel yourself moving faster!
You feel mighty!
The orc wizard hits you but does no damage.
The orc priest calls down the wrath of Beogh upon you.
Beogh smites you!
You die...

.......#.#.#.....#
#.....#
)......#.#.#.###.#
#.##### .......#.#.#.#
#^# #.# .......#.#.#.#
#.# #.# .......#.#.#.#
#.# #.# ........>#.#.#
#.# #.# .......#.#.#.#
#.# #.# .............#
#.# #.# ......##.#.###
#@# #.# ......##.#.#
#o# #.# ##.#.###.#.#
#o# #.# .#.#.# #.#..
.o. #.#
.#.#.###.###########.#
.#.#.##..............#
##†#.##..#############
...#.....# ########.#


You could see 2 orc priests and an orc wizard (invisible).

Vanquished Creatures
  Eustachio (D:6)
  Menkaure (D:5)
  2 ice beasts (D:5)
  An orc warrior (D:3)
  A black bear (D:6)
  2 ogres
  A phantom (D:6)
  A scorpion (D:5)
  2 howler monkeys
  A jelly (D:5)
  Crazy Yiuf (D:4)
  A hound (D:6)
  2 orc priests
  Natasha (thrice) (D:2)
  3 iguanas
  3 orc wizards
  4 gnolls (D:4)
  7 adders
  2 shadow imps
  2 white imps
  An ufetubus (D:5)
  A worm (D:3)
  2 dart slugs
  14 orcs
  7 bats
  3 endoplasms
  A giant cockroach (D:3)
  9 goblins
  5 hobgoblins
  6 quokkas
  2 ball pythons
  A frilled lizard (D:3)
  5 kobolds
  7 rats
105 creatures vanquished.

Notes
Turn   | Place    | Note
-------+----------+-------------------------------------------
     0 | D:1      | KittyFluff the Gargoyle Berserker began the quest for the
                  | Orb.
     0 | D:1      | Reached XP level 1. HP: 14/14 MP: 1/1
    10 | D:1      | Noticed an electric eel
   387 | D:1      | Reached XP level 2. HP: 19/19 MP: 2/2
   986 | D:1      | Found a faded altar of an unknown god.
  1154 | D:2      | Noticed Natasha
  1165 | D:2      | Killed Natasha
  1166 | D:2      | Reached skill level 1 in Stealth
  1166 | D:2      | Reached XP level 3. HP: 17/23 MP: 3/3
  1378 | D:2      | Noticed Natasha
  1390 | D:2      | Killed Natasha
  1391 | D:2      | Reached XP level 4. HP: 8/28 MP: 4/4
  1612 | D:2      | Noticed Natasha
  1622 | D:2      | Killed Natasha
  1623 | D:2      | Reached skill level 4 in Maces & Flails
  2018 | D:3      | Identified the ring "Tueg" {Str+4 SInv}
  2087 | D:3      | Reached XP level 5. HP: 31/33 MP: 5/5
  2087 | D:3      | Reached ** piety under Trog
  2552 | D:3      | Noticed an orc warrior
  2561 | D:3      | Killed an orc warrior
  2562 | D:3      | Reached XP level 6. HP: 38/38 MP: 6/6
  2565 | D:3      | Reached skill level 5 in Maces & Flails
  3142 | D:4      | Found a runed translucent door.
  3143 | D:4      | Noticed Crazy Yiuf
  3151 | D:4      | Killed Crazy Yiuf
  3758 | D:4      | Reached XP level 7. HP: 33/43 MP: 7/7
  3885 | D:4      | Reached skill level 6 in Maces & Flails
  4144 | D:5      | Entered Level 5 of the Dungeon
  4222 | D:5      | You fall into a shaft and drop 2 floors!
  4236 | D:7      | Found a sparkling altar of Nemelex Xobeh.
  4820 | D:5      | Reached skill level 1 in Throwing
  4820 | D:5      | Reached XP level 8. HP: 42/48 MP: 8/8
  4916 | D:5      | Noticed Menkaure
  4932 | D:5      | Killed Menkaure
  4933 | D:5      | Reached skill level 7 in Maces & Flails
  4933 | D:5      | Reached skill level 5 in Armour
  5507 | D:6      | Noticed Eustachio
  5514 | D:6      | Killed Eustachio
  5515 | D:6      | Reached skill level 5 in Fighting
  5596 | D:6      | Reached *** piety under Trog
  5744 | D:6      | Found a staircase to the Ecumenical Temple.
  5859 | D:6      | Found a broken altar of Ashenzari.
  5881 | D:6      | Found a glowing silver altar of Zin.
  6570 | D:6      | Killed from afar by an orc priest

Illustrated notes

Levels and vault maps discovered:
D:1:      arrival_aquarium_a, layout_basic, hellmonk_ecumenical_altar_blasted
D:2:      layout_rooms, uniq_natasha
D:3:      layout_basic
D:4:      layout_loops_corners, uniq_crazy_yiuf_cottage
D:5:      layout_basic, minivault_23, minmay_fractal_squares_diagonal_5,
          uniq_menkaure
D:6:      layout_basic, mainiacjoe_overflow_large_starburst,
          lemuel_temple_firewalk_b, uniq_eustachio
D:7:      layout_rooms, nicolae_overflow_crystal_walls

Skill      XL: |  1  2  3  4  5  6  7  8 |
---------------+-------------------------+-----
Dodging        | 2 3 |  3.4
Stealth        | 1 2 |  2.7
Maces & Flails | 4 5 6 7 |  7.8
Armour         | 3 4 5 |  5.8
Fighting       | 4 5 |  5.3
Throwing       | 1 |  1.8

Action                   |  1- 3 |  4- 6 |  7- 9 || total
-------------------------+-------+-------+-------++-------
Melee: Mace              |    77 |   116 |   138 ||   331
       Punch             |       |     2 |     2 ||     4
Throw: Stone             |       |    17 |    26 ||    43
Invok: Berserk           |       |     2 |     1 ||     3
  Use: Scroll            |       |     1 |     1 ||     2
 Stab: Sleeping          |       |     1 |     1 ||     2
Armor: Animal skin       |     3 |       |       ||     3
       Leather armour    |    36 |    44 |    65 ||   145
Dodge: Dodged            |    60 |    84 |    76 ||   220
